| TOP OF THE 1ST |
|
Biloxi Shuckers batting - Pitching for Tulsa Drillers : RHP Jim Ruleman
|
|
Pitching: RHP Jim Ruleman
|
|
|
Batting: RHB Nick Cummings
|
0-0: Ball 1-0: Ball 2-0: Foul Ball, location: 2F 2-1: Foul Ball, location: 2F 2-2: Ball 3-2: Foul Ball, location: 2F 3-2: Foul Ball, location: 2F 3-2: Foul Ball, location: 2F 3-2: Foul Ball, location: 2F 3-2: Ground out 5-3 (Groundball, 56, EV 106.2 MPH)
|
|
Batting: SHB Mike Williams
|
0-0: Called Strike 0-1: Foul Ball, location: 2F 0-2: Ball 1-2: Foul Ball, location: 2F 1-2: Ground out U3 (Groundball, 34S, EV 88.8 MPH)
|
|
Batting: LHB Gabe Harvey
|
0-0: Ball 1-0: Foul Ball, location: 2F 1-1: Fly out, F7 (Flyball, 78D, EV 100.0 MPH)
|
| Top of the 1st over - 0 runs, 0 hits, 0 errors, 0 left on base; Biloxi 0 - Tulsa 0 |
| BOTTOM OF THE 1ST |
|
Tulsa Drillers batting - Pitching for Biloxi Shuckers : RHP Dave Mata
|
|
Pitching: RHP Dave Mata
|
|
|
Batting: RHB Seth Tramontano
|
0-0: Ball 1-0: Swinging Strike 1-1: Ball 2-1: Ground out 6-3 (Groundball, 56, EV 93.1 MPH)
|
|
Batting: SHB Shane Marcum
|
0-0: SINGLE (Line Drive, 7S, EV 110.0 MPH)
|
|
Batting: LHB Chris Fandino
|
0-0: Ball 1-0: Called Strike Shane Marcum steals 2nd base 1-1: Foul Ball, location: 2F 1-2: Ball 2-2: Hit by Pitch
|
|
Batting: LHB Steve Pond
|
0-0: Ball Shane Marcum steals 3rd, throwing error, E2 Shane Marcum scores Chris Fandino to third 1-0: Called Strike 1-1: Foul Ball, location: 2F 1-2: Strikes out looking
|
|
Batting: RHB John Piccolo
|
0-0: Foul Ball, location: 2F 0-1: Ball 1-1: 2-RUN HOME RUN (Flyball, 89XD, EV 105.6 MPH), Distance : 377 ft
|
|
Batting: RHB Steve Perez
|
0-0: Fly out, F9 (Flyball, 9S, EV 93.1 MPH)
|
| Bottom of the 1st over - 3 runs, 2 hits, 1 error, 0 left on base; Biloxi 0 - Tulsa 3 |
| TOP OF THE 2ND |
|
Biloxi Shuckers batting - Pitching for Tulsa Drillers : RHP Jim Ruleman
|
|
Batting: RHB Josh Nelson
|
0-0: Fly out, F3 (Popup, 3SF, EV 80.0 MPH)
|
|
Batting: RHB Steve Byerly
|
0-0: Ball 1-0: Called Strike 1-1: Ball 2-1: Foul Ball, location: 2F 2-2: Strikes out looking
|
|
Batting: RHB Skyler Goss
|
0-0: Ball 1-0: Ball 2-0: Ground out 6-3 (Groundball, 6, EV 88.1 MPH)
|
| Top of the 2nd over - 0 runs, 0 hits, 0 errors, 0 left on base; Biloxi 0 - Tulsa 3 |
| BOTTOM OF THE 2ND |
|
Tulsa Drillers batting - Pitching for Biloxi Shuckers : RHP Dave Mata
|
|
Batting: RHB Terry Jarrells
|
0-0: Ball 1-0: Ground out 5-3 (Groundball, 56, EV 97.5 MPH)
|
|
Batting: RHB T.J. Jordan
|
0-0: Ball 1-0: Foul Ball, location: 2F 1-1: Foul Ball, location: 2F 1-2: Ground out 4-3 (Groundball, 4, EV 105.0 MPH)
|
|
Batting: RHB Jerry Sanchez
|
0-0: Ground out 6-3 (Groundball, 6, EV 90.6 MPH)
|
| Bottom of the 2nd over - 0 runs, 0 hits, 0 errors, 0 left on base; Biloxi 0 - Tulsa 3 |
| TOP OF THE 3RD |
|
Biloxi Shuckers batting - Pitching for Tulsa Drillers : RHP Jim Ruleman
|
|
Batting: SHB Robert Sayer
|
0-0: SINGLE (Line Drive, 7S, EV 92.5 MPH)
|
|
Batting: RHB Dustin Hartman
|
0-0: Ball 1-0: Ball 2-0: Ball 3-0: Base on Balls Robert Sayer to second
|
|
Batting: RHB Leo Serrano
|
0-0: Ball 1-0: Foul Ball, location: 2F 1-1: Ball 2-1: Foul Ball, location: 2F 2-2: Fly out, F5 (Popup, 5L, EV 79.4 MPH)
|
|
Batting: RHB Nick Cummings
|
0-0: Ball 1-0: Ball 2-0: Foul Ball, location: 2F 2-1: Foul Ball, location: 2F 2-2: Strikes out swinging
|
|
Batting: SHB Mike Williams
|
0-0: Foul Ball, location: 2F 0-1: Called Strike 0-2: Strikes out swinging
|
| Top of the 3rd over - 0 runs, 1 hit, 0 errors, 2 left on base; Biloxi 0 - Tulsa 3 |
| BOTTOM OF THE 3RD |
|
Tulsa Drillers batting - Pitching for Biloxi Shuckers : RHP Dave Mata
|
|
Batting: RHB Seth Tramontano
|
0-0: Foul Ball, location: 2F 0-1: Foul Ball, location: 2F 0-2: Ground out 6-3 (Groundball, 6, EV 85.6 MPH)
|
|
Batting: SHB Shane Marcum
|
0-0: DOUBLE (Line Drive, 9LD, EV 99.4 MPH)
|
|
Batting: LHB Chris Fandino
|
0-0: Ball 1-0: Foul Ball, location: 2F 1-1: Ball 2-1: Ball 3-1: Swinging Strike 3-2: Foul Ball, location: 2F 3-2: Base on Balls
|
|
Batting: LHB Steve Pond
|
0-0: Ball 1-0: Swinging Strike 1-1: Ball 2-1: Ball 3-1: Swinging Strike 3-2: Foul Ball, location: 2F 3-2: Grounds into double play, 5-4-3 (Groundball, 56S, EV 81.2 MPH)
|
| Bottom of the 3rd over - 0 runs, 1 hit, 0 errors, 1 left on base; Biloxi 0 - Tulsa 3 |
| TOP OF THE 4TH |
|
Biloxi Shuckers batting - Pitching for Tulsa Drillers : RHP Jim Ruleman
|
|
Batting: LHB Gabe Harvey
|
0-0: Swinging Strike 0-1: Foul Ball, location: 2F 0-2: Ball 1-2: Ball 2-2: Ball 3-2: Strikes out swinging
|
|
Batting: RHB Josh Nelson
|
0-0: Ground out 4-3 (Groundball, 4, EV 89.4 MPH)
|
|
Batting: RHB Steve Byerly
|
0-0: Ball 1-0: Called Strike 1-1: Ball 2-1: Ball 3-1: Base on Balls
|
|
Batting: RHB Skyler Goss
|
0-0: Called Strike 0-1: Fielders Choice at 2nd, 6-4 (Groundball, 6MD, EV 82.5 MPH)
|
| Top of the 4th over - 0 runs, 0 hits, 0 errors, 1 left on base; Biloxi 0 - Tulsa 3 |
| BOTTOM OF THE 4TH |
|
Tulsa Drillers batting - Pitching for Biloxi Shuckers : RHP Dave Mata
|
|
Batting: RHB John Piccolo
|
0-0: Ball 1-0: Foul Ball, location: 2F 1-1: Ball 2-1: Ball 3-1: Called Strike 3-2: Strikes out looking
|
|
Batting: RHB Steve Perez
|
0-0: SINGLE (Groundball, P, EV 86.2 MPH) (infield hit)
|
|
Batting: RHB Terry Jarrells
|
0-0: Ball 1-0: Ball 2-0: Called Strike 2-1: Foul Ball, location: 2F 2-2: Ball 3-2: Foul Ball, location: 2F 3-2: SINGLE (Line Drive, 89M, EV 106.9 MPH) Steve Perez to second Steve Perez to third
|
|
Batting: RHB T.J. Jordan
|
0-0: SINGLE (Groundball, 6MD, EV 104.4 MPH) Steve Perez scores Terry Jarrells to second
|
|
Batting: RHB Jerry Sanchez
|
0-0: Foul Ball, location: 2F 0-1: Ball 1-1: Ball 2-1: SINGLE (Groundball, 6MD, EV 95.0 MPH) Terry Jarrells to third T.J. Jordan to second Runner from 3rd tries for Home, SAFE, throw by CF to home
|
|
Pitching: RHP Eddie Becerra
|
|
|
Batting: RHB Seth Tramontano
|
0-0: Swinging Strike 0-1: Ball 1-1: Ball 2-1: Ball 3-1: Base on Balls T.J. Jordan to third Jerry Sanchez to second
|
|
Batting: SHB Shane Marcum
|
0-0: Fly out, F7 (Flyball, 7, EV 87.5 MPH) Runner from 3rd tags up, OUT at HOME! 7-2
|
| Bottom of the 4th over - 2 runs, 4 hits, 0 errors, 2 left on base; Biloxi 0 - Tulsa 5 |
| TOP OF THE 5TH |
|
Biloxi Shuckers batting - Pitching for Tulsa Drillers : RHP Jim Ruleman
|
|
Batting: SHB Robert Sayer
|
0-0: Ball 1-0: Called Strike 1-1: Ball 2-1: Called Strike 2-2: Ground out 4-3 (Groundball, 4M, EV 78.1 MPH)
|
|
Batting: RHB Dustin Hartman
|
0-0: Ball 1-0: Called Strike 1-1: Ball 2-1: Foul Ball, location: 2F 2-2: Ground out 1-3 (Groundball, 15S, EV 75.0 MPH)
|
|
Batting: RHB Leo Serrano
|
0-0: Called Strike 0-1: Swinging Strike 0-2: Foul Ball, location: 2F 0-2: Ball 1-2: Ball 2-2: Ball 3-2: Strikes out swinging
|
| Top of the 5th over - 0 runs, 0 hits, 0 errors, 0 left on base; Biloxi 0 - Tulsa 5 |
| BOTTOM OF THE 5TH |
|
Tulsa Drillers batting - Pitching for Biloxi Shuckers : RHP Eddie Becerra
|
|
Batting: LHB Chris Fandino
|
0-0: Ball 1-0: Ball 2-0: Foul Ball, location: 2F 2-1: SINGLE (Groundball, 6MD, EV 96.2 MPH)
|
|
Batting: LHB Steve Pond
|
0-0: Ball 1-0: Swinging Strike 1-1: Foul Ball, location: 2F 1-2: Ball 2-2: Strikes out swinging
|
|
Batting: RHB John Piccolo
|
0-0: Called Strike 0-1: Called Strike 0-2: Strikes out swinging
|
|
Batting: RHB Steve Perez
|
0-0: Ball 1-0: Fly out, F8 (Flyball, 8RM, EV 96.9 MPH)
|
| Bottom of the 5th over - 0 runs, 1 hit, 0 errors, 1 left on base; Biloxi 0 - Tulsa 5 |
| TOP OF THE 6TH |
|
Biloxi Shuckers batting - Pitching for Tulsa Drillers : RHP Jim Ruleman
|
|
Batting: RHB Nick Cummings
|
0-0: Called Strike 0-1: Ball 1-1: Called Strike 1-2: DOUBLE (Line Drive, 9LM, EV 99.4 MPH)
|
|
Batting: SHB Mike Williams
|
0-0: Called Strike 0-1: Ball Nick Cummings steals 3rd base 1-1: Ground out 6-3 (Groundball, 6, EV 106.2 MPH) Nick Cummings scores
|
|
Batting: LHB Gabe Harvey
|
0-0: Foul Ball, location: 2F 0-1: Ball 1-1: Foul Ball, location: 2F 1-2: Strikes out looking
|
|
Batting: RHB Josh Nelson
|
0-0: Called Strike 0-1: Foul Ball, location: 2F 0-2: Ball 1-2: Fly out, F7 (Flyball, 78M, EV 96.2 MPH)
|
| Top of the 6th over - 1 run, 1 hit, 0 errors, 0 left on base; Biloxi 1 - Tulsa 5 |
| BOTTOM OF THE 6TH |
|
Tulsa Drillers batting - Pitching for Biloxi Shuckers : RHP Eddie Becerra
|
|
Batting: RHB Terry Jarrells
|
0-0: Foul Ball, location: 2F 0-1: Fly out, F7 (Flyball, 7LM, EV 90.6 MPH)
|
|
Batting: RHB T.J. Jordan
|
0-0: Hit by Pitch
|
|
Batting: RHB Jerry Sanchez
|
0-0: Fielders Choice at 2nd, 5-4 (Groundball, 56, EV 83.1 MPH)
|
|
Batting: RHB Seth Tramontano
|
0-0: Ball 1-0: Called Strike 1-1: Ball 2-1: Ball 3-1: SINGLE (Groundball, 5S, EV 71.2 MPH) (infield hit) Jerry Sanchez to second
|
|
Batting: SHB Shane Marcum
|
0-0: Ball 1-0: Ground out 4-3 (Groundball, 34, EV 76.2 MPH)
|
| Bottom of the 6th over - 0 runs, 1 hit, 0 errors, 2 left on base; Biloxi 1 - Tulsa 5 |
| TOP OF THE 7TH |
|
Biloxi Shuckers batting - Pitching for Tulsa Drillers : RHP Jim Ruleman
|
|
Batting: RHB Steve Byerly
|
0-0: Foul Ball, location: 2F 0-1: Foul Ball, location: 2F 0-2: Foul Ball, location: 2F 0-2: Ball 1-2: Fly out, F7 (Flyball, 78XD, EV 96.9 MPH)
|
|
Batting: RHB Skyler Goss
|
0-0: Called Strike 0-1: Ball 1-1: Called Strike 1-2: Fly out, F5 (Line Drive, 5, EV 70.0 MPH)
|
|
Batting: SHB Robert Sayer
|
0-0: Ball 1-0: Ball 2-0: Called Strike 2-1: Ball 3-1: Ground out 5-3 (Groundball, 6, EV 82.5 MPH)
|
| Top of the 7th over - 0 runs, 0 hits, 0 errors, 0 left on base; Biloxi 1 - Tulsa 5 |
| BOTTOM OF THE 7TH |
|
Tulsa Drillers batting - Pitching for Biloxi Shuckers : RHP Eddie Becerra
|
|
Batting: LHB Chris Fandino
|
0-0: Swinging Strike 0-1: Foul Ball, location: 2F 0-2: Strikes out looking
|
|
Batting: LHB Steve Pond
|
0-0: Ball 1-0: Called Strike 1-1: Ball 2-1: SINGLE (Groundball, 6MD, EV 110.6 MPH)
|
|
Batting: RHB John Piccolo
|
0-0: Called Strike 0-1: Swinging Strike 0-2: Strikes out looking
|
|
Batting: RHB Steve Perez
|
0-0: Called Strike 0-1: Called Strike 0-2: SINGLE (Groundball, 6M, EV 86.9 MPH) (infield hit) Steve Pond to second
|
|
Batting: RHB Terry Jarrells
|
0-0: Ball 1-0: Ground out 5-3 (Groundball, 5S, EV 83.1 MPH)
|
| Bottom of the 7th over - 0 runs, 2 hits, 0 errors, 2 left on base; Biloxi 1 - Tulsa 5 |
| TOP OF THE 8TH |
|
Biloxi Shuckers batting - Pitching for Tulsa Drillers : RHP Jim Ruleman
|
|
Pitching: RHP Craig Fallon
|
|
|
Batting: RHB Dustin Hartman
|
0-0: Ball 1-0: Ball 2-0: Ground out 6-3 (Groundball, 6, EV 85.0 MPH)
|
|
Batting: RHB Leo Serrano
|
0-0: Ball 1-0: Ball 2-0: Ball 3-0: Called Strike 3-1: Ground out U3 (Groundball, 34, EV 84.4 MPH)
|
|
Batting: RHB Nick Cummings
|
0-0: Ball 1-0: Ground out 5-3 (Groundball, 5L, EV 111.2 MPH)
|
| Top of the 8th over - 0 runs, 0 hits, 0 errors, 0 left on base; Biloxi 1 - Tulsa 5 |
| BOTTOM OF THE 8TH |
|
Tulsa Drillers batting - Pitching for Biloxi Shuckers : RHP Eddie Becerra
|
|
Pitching: RHP Zachery Waff
|
|
|
Batting: RHB T.J. Jordan
|
0-0: Ball 1-0: Called Strike 1-1: Fly out, F9 (Line Drive, 89M, EV 93.1 MPH)
|
|
Batting: RHB Jerry Sanchez
|
0-0: Ground out 5-3 (Groundball, 56D, EV 80.6 MPH)
|
|
Batting: RHB Seth Tramontano
|
0-0: Fly out, F7 (Flyball, 78D, EV 95.6 MPH)
|
| Bottom of the 8th over - 0 runs, 0 hits, 0 errors, 0 left on base; Biloxi 1 - Tulsa 5 |
| TOP OF THE 9TH |
|
Biloxi Shuckers batting - Pitching for Tulsa Drillers : RHP Craig Fallon
|
|
Batting: SHB Mike Williams
|
0-0: Ball 1-0: Ground out 6-3 (Groundball, 6, EV 83.8 MPH)
|
|
Batting: LHB Gabe Harvey
|
0-0: Called Strike 0-1: Ball 1-1: Swinging Strike 1-2: Reached on error, E1 (Groundball, 15, EV 65.0 MPH)
|
|
Batting: RHB Josh Nelson
|
0-0: Ball 1-0: Foul Ball, location: 2F 1-1: Ball 2-1: Ball 3-1: Base on Balls Gabe Harvey to second
|
|
Pitching: RHP Adonis Loyd
|
|
|
Batting: RHB Steve Byerly
|
0-0: Called Strike 0-1: Ball 1-1: Foul Ball, location: 2F 1-2: Foul Ball, location: 2F 1-2: Ball 2-2: Strikes out swinging
|
|
Batting: RHB Skyler Goss
|
0-0: Called Strike 0-1: SINGLE (Line Drive, 5D, EV 100.6 MPH) Gabe Harvey to third Josh Nelson to second
|
|
Batting: SHB Robert Sayer
|
0-0: Ball 1-0: Called Strike 1-1: Ball 2-1: Ground out 3-1 (Groundball, 34, EV 78.8 MPH)
|
| Top of the 9th over - 0 runs, 1 hit, 1 error, 3 left on base; Biloxi 1 - Tulsa 5 |
|